 Dungeon Crawl Stone Soup version 0.28.0-43-g3370ac3207 (webtiles) character file.

Game seed: 15449745998330725913

1843 bnorton916 the Conjurer (level 9, -1/57 HPs)
             Began as a Barachi Ice Elementalist on Mar 23, 2022.
             Was an Initiate of Cheibriados.
             Slain by an orc warrior
             ... wielding a +0 dire flail
              (7 damage)
             ... on level 6 of the Dungeon.
             The game lasted 00:17:42 (10631 turns).

bnorton916 the Conjurer (Barachi Ice Elementalist) Turns: 10631, Time: 00:17:43

Health: -1/57      AC: 17    Str: 10    XL:     9   Next: 12%
Magic:  16/23      EV: 12    Int: 21    God:    Cheibriados [......]
Gold:   1327       SH:  0    Dex: 14    Spells: 5/15 levels left

rFire   + + +      SeeInvis .   k - +0 spear
rCold   . . .      Faith    .   (no shield)
rNeg    . . .      Spirit   .   x - +2 leather armour {rF+}
rPois   .          Reflect  .   (no helmet)
rElec   .          Harm     .   h - +0 cloak
rCorr   .          Rampage  .   v - +0 pair of gloves
Will    .....                   (no boots)
Stlth   ++........              (no amulet)
HPRegen 0.19/turn               f - +4 ring of protection
MPRegen 0.18/turn               b - ring "Raogrosk" {rF++ MP+9}

@: ice-armoured, freezing walls, very slow
A: amphibious, slowness 1, strong legs 1, +LOS
a: Hop, Renounce Religion


You were on level 6 of the Dungeon.
You worshipped Cheibriados.
Cheibriados was noncommittal.
You visited 1 branch of the dungeon, and saw 6 of its levels.

You collected 1327 gold pieces.

Inventory:

Hand Weapons
 k - a +0 spear (weapon)
Missiles
 c - a boomerang (quivered)
 g - 3 javelins
 j - 129 stones
Armour
 h - a +0 cloak (worn)
 r - a +1 robe of willpower
 v - a +0 pair of gloves (worn)
 x - a +2 leather armour of fire resistance (worn)
Jewellery
 b - the ring "Raogrosk" (right hand) {rF++ MP+9}
   (You acquired it on level 6 of the Dungeon)

   [ring of magical power]

   rF:        It greatly protects you from fire.
   MP:        It affects your magic capacity (+9).
 f - a +4 ring of protection (left hand)
 l - a ring of fire
 n - a ring of ice
Wands
 w - a wand of acid (11)
Scrolls
 a - a scroll of enchant weapon
 d - a scroll of vulnerability {unknown}
 e - 2 scrolls of immolation
 o - a scroll of magic mapping {unknown}
 z - a scroll of identify {unknown}
 A - a scroll of blinking
Potions
 i - a potion of might
 q - 3 potions of curing {unknown}
 s - 2 potions of heal wounds
 t - a potion of degeneration {unknown}


   Skills:
 - Level 4.0 Armour
 + Level 3.8 Dodging
 - Level 1.7 Stealth
 - Level 3.8 Spellcasting
 + Level 7.5 Conjurations
 - Level 6.2 Ice Magic
 - Level 6.2 Earth Magic


You had 5 spell levels left.
You knew the following spells:

 Your Spells              Type           Power      Damage    Failure   Level
a - Freeze                Ice            100%       1d11      1%          1
b - Frozen Ramparts       Ice            60%        1d8       3%          3
c - Ozocubu's Armour      Ice            30%        N/A       3%          3
d - Stone Arrow           Conj/Erth      66%        3d11      2%          3

Your spell library contained the following spells:

 Spells                   Type           Power      Damage    Failure   Level
 Hailstorm                Conj/Ice       33%        3d8       10%         4
 Animate Skeleton         Necr           8%         N/A       16%         1
 Apportation              Tloc           8%         N/A       16%         1
 Slow                     Hex            16%        N/A       16%         1
 Summon Small Mammal      Summ           16%        N/A       16%         1
 Animate Armour           Summ/Erth      34%        N/A       41%         4
 Confusing Touch          Hex            4%         N/A       43%         3
 Vampiric Draining        Necr           4%         2d6       43%         3
 Lehudib's Crystal Spear  Conj/Erth      16%        10d5      100%        8


Dungeon Overview and Level Annotations

Branches:
Dungeon (6/15)
 Temple: D:4-7

Altars:
Ashenzari
Cheibriados
Dithmenos
Elyvilon
Hepliaklqana
Makhleb
Okawaru
Qazlal
Trog
Vehumet


Innate Abilities, Weirdness & Mutations

You are amphibious.
You cover ground slowly.
You can hop short distances.
You have an extended range of vision and can be seen from far away.


Message History

You hit the gnoll.
You kill the gnoll!
Cheibriados appreciates the change of pace.
The frozen ramparts melt away.
Unknown command.
Casting: Frozen Ramparts (dangerous; 3% risk of failure)
Confirm with . or Enter, or press ? or * to list all spells.
Casting: Frozen Ramparts (dangerous; 3% risk of failure)
Press: ? - help, Dir - look around, f - activate The walls around you are covered in ice.
The wall freezes the orc warrior.
The orc warrior hits you but does no damage.
Casting: Frozen Ramparts (dangerous; 3% risk of failure)
Confirm with . or Enter, or press ? or * to list all spells.
A film of ice covers your body!
An orc comes into view. It is wielding a +0 whip.
The wall freezes the orc warrior.
The orc warrior hits you with a +0 dire flail!
The wall freezes the orc!
You kill the orc!
Cheibriados thoroughly appreciates the change of pace.
The wall freezes the orc warrior.
The orc warrior hits you with a +0 dire flail!
Unknown command.
You closely miss the orc warrior.
The orc warrior is moderately wounded.
The wall freezes the orc warrior.
The orc warrior hits you with a +0 dire flail!
An orc comes into view. It is wielding a +0 trident.
You barely miss the orc warrior.
The orc warrior is heavily wounded.
The wall freezes the orc warrior!
The orc warrior hits you with a +0 dire flail!
* * * LOW HITPOINT WARNING * * *
The orc shouts!
You hit the orc warrior but do no damage.
The orc warrior is severely wounded.
The wall freezes the orc warrior.
The orc warrior hits you with a +0 dire flail!
You die...

#.:.##....# .#..#
#..........##....#
#...........#..(.#
#....<.........[.g
#...........o.....
##...............
##............o. ## ####....##
#...)o##...# .........## #...@.)#
[.........# ##.##.#####
..........####..###..^###...
#.........#.##...#...##.#...##..
#...)....##..........##.#......#
.......(.##........_.##†#......#
.....................##.#......#
<...........<...##...##.#......##
....>............##..'÷###......#


You could see an orc warrior and 2 orcs.

Vanquished Creatures
  Sigmund (D:2)
  A water moccasin (D:6)
  An orc warrior (D:6)
  A necrophage (D:3)
  An ice beast (D:5)
  2 sky beasts (D:5)
  An ogre (D:4)
  4 scorpions (D:6)
  A bullfrog (D:6)
  A water moccasin skeleton (D:5)
  A howler monkey (D:5)
  2 hounds
  An orc priest (D:4)
  2 centaur skeletons
  A gnoll shaman (D:5)
  2 iguanas
  Natasha (thrice) (D:2)
  3 orc wizards
  A hound skeleton (D:4)
  13 gnolls
  A howler monkey skeleton (D:4)
  4 adders
  2 ufetubi
  An adder skeleton (D:4)
  A worm (D:3)
  A dart slug (D:1)
  19 orcs
  9 endoplasms
  2 giant cockroaches (D:3)
  6 goblins
  7 hobgoblins
  4 quokkas
  9 ball pythons
  6 bats
  2 frilled lizards
  7 kobolds
  8 rats
132 creatures vanquished.

Vanquished Creatures (others)
  4 fungi (D:3)
4 creatures vanquished.

Grand Total: 136 creatures vanquished

Notes
Turn   | Place    | Note
-------+----------+-------------------------------------------
     0 | D:1      | bnorton916 the Barachi Ice Elementalist began the quest for
                  | the Orb.
     0 | D:1      | Reached XP level 1. HP: 13/13 MP: 3/3
   326 | D:1      | Reached skill level 5 in Ice Magic
   437 | D:1      | Reached XP level 2. HP: 19/19 MP: 2/5
  1305 | D:2      | Reached XP level 3. HP: 24/24 MP: 5/7
  1428 | D:1      | Learned a level 3 spell: Frozen Ramparts
  1432 | D:1      | Learned a level 3 spell: Ozocubu's Armour
  1615 | D:2      | Found a burning altar of Makhleb.
  2040 | D:2      | Noticed Sigmund
  2526 | D:2      | Noticed Natasha
  2550 | D:2      | Killed Natasha
  2551 | D:2      | Reached XP level 4. HP: 21/30 MP: 4/9
  2630 | D:2      | Noticed Natasha
  2640 | D:2      | Killed Natasha
  3256 | D:3      | Learned a level 3 spell: Stone Arrow
  3303 | D:3      | Reached XP level 5. HP: 35/35 MP: 6/10
  3477 | D:3      | Found an iron altar of Okawaru.
  3702 | D:3      | Reached skill level 1 in Conjurations
  3702 | D:3      | Reached skill level 1 in Earth Magic
  3892 | D:3      | Found a broken altar of Ashenzari.
  4213 | D:3      | Noticed a necrophage
  4237 | D:3      | Killed a necrophage
  4238 | D:3      | Reached skill level 2 in Conjurations
  4238 | D:3      | Reached XP level 6. HP: 20/41 MP: 1/11
  4870 | D:4      | Found a stormy altar of Qazlal.
  4882 | D:4      | HP: 1/41 [ogre/+0 giant club (27)]
  4891 | D:4      | Reached skill level 3 in Conjurations
  5266 | D:4      | Reached XP level 7. HP: 41/46 MP: 9/12
  5360 | D:4      | Reached skill level 4 in Conjurations
  5986 | D:2      | Noticed Natasha
  5990 | D:2      | Killed Natasha
  6301 | D:2      | Killed Sigmund
  6655 | D:5      | Entered Level 5 of the Dungeon
  6703 | D:5      | Reached skill level 1 in Armour
  6703 | D:5      | Reached skill level 5 in Conjurations
  6926 | D:5      | Reached XP level 8. HP: 36/52 MP: 3/13
  6934 | D:5      | Reached skill level 5 in Earth Magic
  7380 | D:5      | Reached skill level 6 in Conjurations
  8270 | D:6      | Found a bloodstained altar of Trog.
  8698 | D:6      | Identified a scroll of acquirement
  8698 | D:6      | Acquired the ring "Raogrosk" {rF++ MP+9}
  9094 | D:6      | Acquired 1072 gold pieces
  9697 | D:6      | Found a radiant altar of Vehumet.
  9700 | D:6      | Found a snail-covered altar of Cheibriados.
  9703 | D:6      | Found a shadowy altar of Dithmenos.
  9705 | D:6      | Found a white marble altar of Elyvilon.
  9711 | D:6      | Became a worshipper of Cheibriados the Contemplative
  9775 | D:6      | Found a hazy altar of Hepliaklqana.
  9822 | D:6      | Reached skill level 7 in Conjurations
 10404 | D:6      | Reached XP level 9. HP: 52/57 MP: 14/14
 10631 | D:6      | Slain by an orc warrior

Illustrated notes

Levels and vault maps discovered:
D:1:      doesnt_arrival_eight_statues, layout_basic, chequers_avenue
D:2:      layout_basic, basic_altar, uniq_natasha, uniq_sigmund
D:3:      layout_rooms, mainiacjoe_overflow_chevrons, lemuel_tele_altar
D:4:      layout_rooms, nicolae_qazlal_scattered_showers
D:5:      layout_loops_ring
D:6:      layout_cave_pools, mainiacjoe_overflow_brackets, trog_butcher_becter,
          mainiacjoe_overflow_alcove_3

Skill      XL: |  1  2  3  4  5  6  7  8 |
---------------+-------------------------+-----
Ice Magic      | 5 6 |  6.2
Spellcasting   | 3 |  3.8
Conjurations   | 2 3 5 7 |  7.5
Earth Magic    | 2 3 4 6 |  6.2
Armour         | 2 4 |  4.0
Dodging        | 3 |  3.8
Stealth        | |  1.7

Action                   |  1- 3 |  4- 6 |  7- 9 || total
-------------------------+-------+-------+-------++-------
Melee: Unarmed           |     6 |       |       ||     6
       Dagger            |       |    54 |   117 ||   171
       Punch             |       |       |     6 ||     6
       Spear             |       |       |    22 ||    22
Throw: Javelin           |       |     1 |     6 ||     7
       Boomerang         |       |       |     1 ||     1
 Cast: Freeze            |    46 |    12 |     2 ||    60
       Frozen Ramparts   |     2 |    18 |    33 ||    53
       Ozocubu's Armour  |     1 |     4 |    16 ||    21
       Stone Arrow       |       |       |     8 ||     8
 Abil: Hop               |     1 |     3 |     1 ||     5
  Use: Scroll            |     2 |       |     6 ||     8
       Potion            |     1 |     2 |       ||     3
Armor: Robe              |    10 |    29 |    73 ||   112
       Skin              |       |    31 |       ||    31
       Leather armour    |       |       |    36 ||    36
Dodge: Dodged            |    21 |    33 |   121 ||   175
